 Dungeon Crawl Stone Soup version 0.26-a0-524-g073066f631 (webtiles) character file.

Game seed: 1296292085400707021

627 ANON1729 the Insei (level 7, 0/52 HPs)
             Began as a Demonspawn Transmuter on Aug 12, 2020.
             Succumbed to a worker ant's poison
             ... on level 4 of the Dungeon on Aug 13, 2020.
             The game lasted 00:10:09 (4571 turns).

ANON1729 the Insei (Demonspawn Transmuter)          Turns: 4571, Time: 00:10:09

Health: 0/52       AC:  4    Str: 11    XL:     7   Next: 23%
Magic:  12/12      EV: 13    Int: 16    God:
Gold:   175        SH:  0    Dex: 13    Spells: 2/12 levels left

rFire    + . .     SeeInvis .     - Unarmed
rCold    + . .     Faith    .   (no shield)
rNeg     . . .     Spirit   .   a - +0 robe
rPois    +         Reflect  .   (helmet restricted)
rElec    +         Harm     .   (no cloak)
rCorr    +                      u - +0 pair of gloves
MR       .....                  e - +0 pair of boots
Stlth    +.........             (no amulet)
HPRegen  0.17/turn              (no ring)
MPRegen  0.13/turn              (no ring)

@: lethally poisoned (0 -> -2), resistant (expiring), very slightly
contaminated, invisible
A: antennae 2, powered by pain 1, rot immunity
a: no special abilities


You were on level 4 of the Dungeon.
You visited 1 branch of the dungeon, and saw 4 of its levels.

You collected 175 gold pieces.

Inventory:

Missiles
 t - 4 silver boomerangs (quivered)
Armour
 a - a +0 robe (worn)
 e - a +0 pair of boots (worn)
 u - a +0 pair of gloves (worn)
Wands
 o - a wand of disintegration (9)
 q - a wand of digging (6)
Scrolls
 b - a scroll of enchant weapon {unknown}
 c - 4 scrolls of teleportation
 d - a scroll of remove curse {unknown}
 f - 3 scrolls of fear
 g - 2 scrolls of blinking {unknown}
 h - a scroll of random uselessness {unknown}
 j - a scroll of noise {unknown}
 m - a scroll of immolation {unknown}
 n - 2 scrolls of enchant armour {unknown}
 p - 3 scrolls of identify {unknown}
Potions
 k - a potion of flight
 l - a potion of resistance


   Skills:
 + Level 3.0 Fighting
 + Level 3.3 Dodging
 * Level 4.3 Unarmed Combat
 + Level 3.3 Spellcasting
 * Level 3.7 Transmutations
 + Level 1.0 Ice Magic
 + Level 1.2 Poison Magic


You had 2 spell levels left.
You knew the following spells:

 Your Spells              Type           Power        Failure   Level
a - Beastly Appendage     Tmut           ##....       4%          1
b - Wereblood             Tmut           ##......     6%          2
c - Spider Form           Tmut/Pois      ##........   19%         3
d - Ice Form              Ice/Tmut       ##......     56%         4

Your spell library contained the following spells:

 Spells                   Type           Power        Failure   Level
 Blade Hands              Tmut           ##........   73%         5


Dungeon Overview and Level Annotations

Branches:
Dungeon (4/15)
 Temple: D:4-7

Altars:
Okawaru
Qazlal
Trog
Yredelemnul


Innate Abilities, Weirdness & Mutations

You have a pair of antennae on your head.
You sometimes gain a little power by taking damage.
You are immune to rotting.


Message History

You feel sick. The worker ant completely misses you. The worker ant misses you.
You hit the worker ant.
The worker ant is heavily wounded.
* * * LOW HITPOINT WARNING * * *
You feel sick. The worker ant closely misses you.
You hit the worker ant.
The worker ant is severely wounded.
You feel a little less agile now. The worker ant barely misses you.
You hit the worker ant.
You kill the worker ant!
* * * LOW HITPOINT WARNING * * *
You feel sick.
You hit the frilled lizard.
You kill the frilled lizard!
You start to feel less resistant.
* * * LOW HITPOINT WARNING * * *
You feel sick.
You see here an adder corpse.
You die...

## #......# ##### #### #
#...#......# #...# ##...#..
#...#......#### #...#####.......
.............# #......#........
#.........##.# #...##5†<.....>.
###.......##†###...###.........
#.........##..##...# #.........
#...........#.###.## ###.......
#...##.##.#.#.@...# #.......
###.##..#.#...##..## #....>##
#.###.#..##......# ###.....#
#####.###..#.###.....###......##
#.......##.#.##..........#.....##
........##.#..#............#....#
...........##.#.......#..........
......†.#......#......#.#........
........#.#.#....................


There were no monsters in sight!

Vanquished Creatures
  Grinder (D:4)
  A howler monkey (D:4)
  An orc priest (D:3)
  2 bullfrog skeletons
  Ijyb (D:3)
  4 worker ants (D:4)
  Robin (D:2)
  5 adders
  An ooze (D:2)
  An adder skeleton (D:4)
  2 worms
  3 dart slugs
  3 leopard geckos
  8 orcs (D:3)
  8 giant cockroaches
  16 goblins
  15 hobgoblins
  2 jackals (D:1)
  A quokka (D:4)
  A ball python (D:2)
  8 bats
  8 frilled lizards
  A jackal skeleton (D:4)
  11 kobolds
  7 rats
112 creatures vanquished.

Notes
Turn   | Place    | Note
-------+----------+-------------------------------------------
     0 | D:1      | ANON1729 the Demonspawn Transmuter began the quest for the
                  | Orb.
     0 | D:1      | Reached XP level 1. HP: 15/15 MP: 3/3
    45 | D:1      | Gained mutation: You have a pair of small antennae on your
                  | head. [demonic ancestry]
    45 | D:1      | Reached XP level 2. HP: 11/21 MP: 5/5
   491 | D:1      | Reached skill level 3 in Unarmed Combat
   511 | D:1      | Reached XP level 3. HP: 26/26 MP: 4/6
  1027 | D:2      | Upgraded the game from 0.26-a0-520-g952f204493 to
                  | 0.26-a0-524-g073066f631
  1179 | D:2      | Noticed Robin
  1192 | D:2      | Gained mutation: You have a pair of antennae on your head.
                  | [demonic ancestry]
  1192 | D:2      | Reached XP level 4. HP: 33/33 MP: 7/7
  1199 | D:2      | Killed Robin
  1517 | D:2      | Found a bloodstained altar of Trog.
  2646 | D:3      | Gained mutation: You sometimes gain a little power by
                  | taking damage. [demonic ancestry]
  2646 | D:3      | Reached XP level 5. HP: 23/39 MP: 9/9
  3359 | D:3      | Noticed Ijyb
  3401 | D:3      | Killed Ijyb
  3720 | D:3      | Found a faded altar of an unknown god.
  3720 | D:3      | Found an iron altar of Okawaru.
  3728 | D:3      | Found a basalt altar of Yredelemnul.
  3731 | D:3      | Found a faded altar of an unknown god.
  3732 | D:3      | Found a stormy altar of Qazlal.
  3862 | D:4      | Reached XP level 6. HP: 21/46 MP: 10/10
  4028 | D:4      | Learned a level 2 spell: Wereblood
  4032 | D:4      | Learned a level 3 spell: Spider Form
  4037 | D:4      | Learned a level 4 spell: Ice Form
  4041 | D:4      | Noticed Grinder
  4300 | D:4      | Killed Grinder
  4300 | D:4      | Reached skill level 4 in Unarmed Combat
  4300 | D:4      | Reached skill level 1 in Poison Magic
  4300 | D:4      | Gained mutation: You are immune to rotting. [demonic
                  | ancestry]
  4300 | D:4      | Reached XP level 7. HP: 36/52 MP: 5/11
  4554 | D:4      | Reached skill level 1 in Ice Magic
  4561 | D:4      | HP: 2/52 [poisoned by a worker ant]
  4568 | D:4      | HP: 1/52 [poisoned by a worker ant]
  4571 | D:4      | Succumbed to a worker ant's poison

Illustrated notes

Levels and vault maps discovered:
D:1:      heliophobic_arrival_henge, layout_loops_cross
D:2:      minmay_chambers_of_ones, layout_basic, lemuel_doored_altar, uniq_robin
D:3:      layout_rooms, chequers_temple_overflow_minitemple, uniq_ijyb
D:4:      layout_rooms, lemuel_coloured_pillars_altar, minmay_temple_entry_grid,
          nicolae_ru_the_path_less_chosen, uniq_grinder, uniq_duvessa,
          uniq_menkaure

Skill      XL: |  1  2  3  4  5  6  7 |
---------------+----------------------+-----
Dodging        | 2 3 |  3.3
Transmutations | 2 3 |  3.7
Unarmed Combat | 3 4 |  4.3
Fighting       | 2 3 |  3.0
Spellcasting   | 3 |  3.3
Poison Magic   | 1 |  1.2
Ice Magic      | 1 |  1.0

Action                   |  1- 3 |  4- 6 |  7- 9 || total
-------------------------+-------+-------+-------++-------
Melee: Unarmed           |   126 |   262 |    44 ||   432
       Headbutt          |     2 |       |       ||     2
       Kick              |    12 |    38 |       ||    50
       Punch             |     2 |     4 |     2 ||     8
Throw: Boomerang         |       |     2 |       ||     2
 Cast: Beastly Appendage |    22 |    20 |       ||    42
       Wereblood         |       |     1 |       ||     1
  Use: Potion            |     2 |     6 |     3 ||    11
       Scroll            |       |     2 |       ||     2
 Stab: Sleeping          |       |     1 |       ||     1
       Invisible         |       |       |     1 ||     1
Armor: Robe              |    19 |    33 |     6 ||    58
       Skin              |    12 |    76 |       ||    88
Dodge: Dodged            |    82 |   177 |    51 ||   310

Table legend: (Time is in decaauts)
 A = Elapsed time spent in this place.
 B = Non-inter-level travel time spent in this place.
 C = Inter-level travel time spent in this place.
 D = Time resting spent in this place.
 E = Time spent auto-exploring this place.
 F = Levels seen in this place.
 G = Mean time per level.
                   A        B        C        D        E       F      G
               +--------+--------+--------+--------+--------+-----+--------+
         Total |   4547 |   4454 |     93 |   2063 |   1477 |   4 | 1136.8 |
       Dungeon |   4547 |   4454 |     93 |   2063 |   1477 |   4 | 1136.8 |
               +--------+--------+--------+--------+--------+-----+--------+

Top non-repeatable levels by time:
     D:3: 1681 daAuts
     D:2: 1366 daAuts
     D:1: 817 daAuts
     D:4: 681 daAuts
